 Dungeon Crawl Stone Soup version 0.22-a0-538-g76cc104 (webtiles) character file.

9769 Goblin1989 the Carver (level 11, -23/85 HPs)
             Began as a Grey Draconian Fighter on June 23, 2018.
             Was an Elder of Hepliaklqana.
             Killed from afar by Erolcha (36 damage)
             ... with a bolt of lightning
             ... on level 9 of the Dungeon.
             The game lasted 00:43:43 (11665 turns).

Goblin1989 the Carver (Grey Draconian Fighter)     Turns: 11665, Time: 00:43:44

Health: -23/85     AC: 14    Str: 18    XL:     11   Next: 27%
Magic:  14/14      EV: 15    Int:  9    God:    Hepliaklqana [****..]
Gold:   407        SH: 11    Dex: 14    Spells: 3/13 levels left

rFire    + . .     SeeInvis .   a - +1 scimitar (elec)
rCold    . . .     Gourm    .   H - +0 shield
rNeg     + . .     Faith    .   (armour unavailable)
rPois    .         Spirit   .   (helmet restricted)
rElec    .         Reflect  .   (no cloak)
rCorr    .         Harm     .   D - +0 pair of gloves
MR       .....                  U - +0 pair of boots
Stlth    +.........             (no amulet)
HPRegen  0.24/turn              B - ring of positive energy
MPRegen  0.14/turn              f - ring of protection from fire

@: no status effects
A: walk through water, unfitting armour, reduced essence, unbreathing,
cold-blooded, AC +12
a: Recall Ancestor, Ancestor Identity, Transference, Idealise, Renounce Religion


You were on level 9 of the Dungeon.
You worshipped Hepliaklqana.
Hepliaklqana was greatly pleased with you.
You were not hungry.

You visited 1 branch of the dungeon, and saw 10 of its levels.

You collected 732 gold pieces.
You spent 325 gold pieces at shops.

Inventory:

Hand Weapons
 a - a +1 scimitar of electrocution (weapon)
 b - a +2 scimitar of flaming
 x - a +0 blowgun {@w1}
Missiles
 A - 16 poisoned needles
 E - 23 arrows
 Z - a throwing net (quivered) {!d , @Q1}
Armour
 D - a +0 pair of gloves (worn)
 H - a +0 shield (worn)
 U - a +0 pair of boots (worn)
Magical Staves
 L - an uncursed staff of wizardry {!a}
Jewellery
 f - a ring of protection from fire (right hand)
 B - a ring of positive energy (left hand)
 V - a +3 ring of intelligence
Wands
 u - a wand of paralysis (18) {@v7}
 z - a wand of enslavement (12)
 F - a wand of clouds (5) {@v3}
 W - a wand of iceblast (21) {@v4}
 X - a wand of scattershot (3) {@v5}
 Y - a wand of polymorph (26)
Scrolls
 i - 9 scrolls of remove curse {unknown}
 j - 3 scrolls of immolation {unknown}
 k - a scroll of magic mapping {unknown}
 o - a scroll of enchant weapon {unknown}
 r - 3 scrolls of amnesia {unknown}
 s - 2 scrolls of fear {unknown}
 w - a scroll of noise {unknown}
 y - 2 scrolls of random uselessness {unknown}
 M - a scroll of enchant armour {unknown}
 P - a scroll of acquirement {unknown}
 R - 2 scrolls of identify {@r1}
 T - 2 scrolls of teleportation {!r, @r2}
Potions
 h - 4 potions of heal wounds {@q2}
 n - a potion of magic
 C - 3 potions of brilliance
 G - 2 potions of mutation {!q}
 I - a potion of haste {@q3,}
 J - a potion of agility {@q5}
 K - a potion of lignification
 N - a potion of invisibility {unknown}
 O - 2 potions of cancellation
 Q - 2 potions of flight
 S - 3 potions of curing {@q1}
Comestibles
 e - 19 rations
 v - 10 chunks of flesh


   Skills:
 + Level 8.5 Fighting
 * Level 11.0 Long Blades
 + Level 7.2 Dodging
 + Level 7.7 Shields
 + Level 1.5 Spellcasting
 + Level 1.9 Necromancy
 + Level 2.9 Invocations
 - Level 5.0 Evocations


You had 3 spell levels left.
You knew the following spells:

 Your Spells              Type           Power        Failure   Level  Hunger
b - Animate Skeleton      Necr           N/A          36%         1    ##.....
R - Regeneration          Chrm/Necr      #.........   87%         3    ####...
Y - Statue Form           Tmut/Erth      #........    100%        6    #######

Your spell library contained the following spells:

 Spells                   Type           Power        Failure   Level  Hunger
 Animate Dead             Necr           N/A          98%         4    #####..
 Pain                     Necr           #...         36%         1    ##.....
 Vampiric Draining        Necr           #.........   75%         3    ####...
 Dragon Form              Tmut           #.........   100%        7    #######
 Hydra Form               Tmut           #.........   100%        6    #######
 Irradiate                Conj/Tmut      #.........   100%        5    ######.


Dungeon Overview and Level Annotations

Branches:
Dungeon (10/15)            Temple (0/1) D:4
   Lair: D:8-11         Orc: D:9-12

Altars:
Dithmenos
Elyvilon
Fedhas
Hepliaklqana
Kikubaaqudgha
Nemelex Xobeh
Ru
Trog
Vehumet
Xom
Yredelemnul
Zin
The Shining One

Shops:
D:8 !!!

Annotations:
D:3 1 runed door, Scuka's ghost, amateur DDFi
D:8 !Erolcha
D:9 Erolcha


Innate Abilities, Weirdness & Mutations

You can walk through water.
Your dull iron-grey scales are very hard. (AC +12)
You cannot fit into any form of body armour.
You can survive without breathing.
You are cold-blooded and may be slowed by cold attacks.
Your life essence is reduced to manifest your ancestor. (-10% HP)


Message History

An orc comes into view. It is wielding a scythe.
Found an escape hatch in the ceiling.
There is an open door here.
Evoke which item? (* to show all) (? for menu, Esc to quit)
Aiming: Cloud Cone
Press: ? - help, Dir - move target cursor, f - slime creature
Aim: a slime creature You create a blast of freezing vapour!
The yak bellows!
The steam dragon hisses angrily.
The slime creature is engulfed in freezing vapours. x2
You block the slime creature's attack.
Evoke which item? (* to show all) (? for menu, Esc to quit)
Aiming: Cloud Cone
Press: ? - help, Dir - move target cursor, p - slime creature You create a blast of poison gas!
Two slime creatures merge to form a large slime creature.
The slime creature is engulfed in freezing vapours.
You block the slime creature's attack. The slime creature hits you!
The yak is engulfed in freezing vapours.
You take 7 damage, and have 78/85 hp.
Unknown command.
You hit the slime creature.
The slime creature is heavily wounded.
The yak is engulfed in poison gas.
The yak is poisoned.
Two slime creatures merge to form a very large slime creature.
The slime creature is engulfed in freezing vapours.
You block the slime creature's attack. x2
Two slime creatures merge to form an enormous slime creature.
The steam dragon is engulfed in freezing vapours.
The yak is engulfed in freezing vapours.
The yak is engulfed in poison gas.
The yak looks even sicker.
You slash the slime creature!
The slime creature is almost dead.
The worker ant zombie is engulfed in freezing vapours.
The yak is engulfed in freezing vapours.
The slime creature is engulfed in freezing vapours.
You kill the slime creature!
You block the slime creature's attack.
The yak is engulfed in poison gas.
The yak looks even sicker.
The yak is engulfed in freezing vapours.
The steam dragon is engulfed in freezing vapours.
You slash the yak!
You kill the yak!
Your Long Blades skill increases to level 11!
The enormous slime creature hits you!
The yak is engulfed in freezing vapours.
The slime creature completely misses you.
You take 11 damage, and have 68/85 hp.
You slash the slime creature!
The slime creature is moderately wounded.
The yak is engulfed in freezing vapours.
The steam dragon is engulfed in freezing vapours.
You kill the steam dragon!
The steam dragon scales are intact enough to wear.
The enormous slime creature hits you!!!
Ouch! That really hurt!
* * * LOW HITPOINT WARNING * * *
The yak is engulfed in freezing vapours.
You kill the yak!
You block the slime creature's attack.
You hear a shout!
You take 45 damage, and have 23/85 hp.
MASSIVE DAMAGE!!
You are too injured to fight recklessly!
You swap places.
The yak is engulfed in freezing vapours.
The yak gores MsWizard.
The worker ant zombie is engulfed in freezing vapours.
MsWizard hits the slime creature with a quarterstaff!
The enormous slime creature hits MsWizard!!!
MsWizard is destroyed!
The yak is engulfed in freezing vapours.
You kill the yak!
The worker ant zombie is engulfed in freezing vapours.
Two slime creatures merge to form a titanic slime creature.
The worker ant zombie is engulfed in freezing vapours.
The worker ant zombie is engulfed in freezing vapours.
There is a stone staircase leading up here.
Okay, then.
A slime creature suddenly becomes a titanic slime creature.
You climb upwards.
Level annotation: Erolcha Erolcha shouts!
There is a stone staircase leading down here.
Erolcha casts a spell at you. The bolt of lightning hits you!
* * * LOW HITPOINT WARNING * * *
You take 14 damage, and have 11/85 hp.
Unknown command.
Press: ? - help, v - describe, . - travel
Here: Erolcha, wielding an enchanted giant club and wearing a robe The floor.
Erolcha gestures wildly while chanting.
Erolcha flickers and vanishes!
Deactivating autopickup; reactivate with Ctrl-A.
There is a stone staircase leading up here.
Warning, next level annotated: !Erolcha Enter next level anyway?
A bolt of lightning appears from out of thin air!
The bolt of lightning hits you!
You die... ....................... ..........................███████ ................................. ................................. .......>..............█ ██████

......................█
......................█
......................█
.............@....[...█
.......[.........[....████████
...............[..............
...............[..............
..█████.█████...>............
...█ █.........███████ ███.█
█.........█ █..
█.........███████
....███...)............


There were no monsters in sight!

Vanquished Creatures
  A centaur warrior (D:8)
  A skeletal warrior (D:8)
  Pikel (D:8)
  Grinder (D:4)
  A troll (D:10)
  A slime creature (D:10)
  3 hippogriffs
  2 shadows
  3 yaks (D:10)
  A wraith (D:8)
  Grum (D:9)
  A steam dragon (D:10)
  4 orc warriors
  2 phantoms
  3 ice beasts
  A sky beast (D:8)
  A necrophage (D:10)
  3 ogres
  2 wolves (D:9)
  A crocodile (D:10)
  2 big kobolds
  3 bullfrogs
  A scorpion (D:5)
  7 killer bees
  4 wights
  A crimson imp (D:5)
  2 centaur skeletons
  A hound (D:4)
  2 jellies
  3 orc priests
  6 orc wizards
  A bullfrog skeleton (D:6)
  4 worker ants
  Terence (D:3)
  A hound zombie (D:6)
  3 hound skeletons
  2 worker ant zombies
  3 gnolls (D:7)
  5 adders
  2 shadow imps
  An adder skeleton (D:8)
  2 dart slugs
  6 leopard geckos
  30 orcs
  8 giant cockroaches
  3 goblins (D:1)
  6 hobgoblins
  9 jackals
  16 kobolds
  4 quokkas
  A ball python (D:2)
  9 bats
  8 frilled lizards
  A jackal zombie (D:6)
  A quokka zombie (D:5)
  3 rats
196 creatures vanquished.

Vanquished Creatures (collateral kills)
  Erica (D:8)
  A two-headed ogre (D:8)
  2 ogres
  A centaur (D:9)
  A crocodile (D:8)
  A big kobold (D:10)
  A scorpion (D:7)
  5 killer bees
  4 wights
  4 crimson imps
  A hound (D:10)
  An orc priest (D:6)
  3 orc wizards
  A bullfrog skeleton (D:4)
  Ijyb (D:4)
  An iguana (D:6)
  6 worker ants
  A worker ant zombie (D:6)
  A gnoll (D:7)
  2 adders
  An adder skeleton (D:4)
  An adder zombie (D:5)
  A worm (D:3)
  A leopard gecko (D:3)
  16 orcs
  A bat (D:2)
  A giant cockroach (D:3)
  5 jackals
  A quokka (D:5)
  A frilled lizard (D:3)
  5 kobolds
  A quokka skeleton (D:5)
  A rat (D:3)
75 creatures vanquished.

Vanquished Creatures (others)
  4 slaves (D:8)
  A centaur (D:8)
  A howler monkey (D:8)
  A hound (D:8)
  2 worker ants (D:8)
  5 battlemagi
  A shadow imp (D:8)
  4 jackals (D:8)
  2 withered plants (D:3)
21 creatures vanquished.

Grand Total: 292 creatures vanquished

Notes
Turn   | Place    | Note
-------+----------+-------------------------------------------
     0 | D:1      | Goblin1989 the Draconian Fighter began the quest for the Orb.
     0 | D:1      | Reached XP level 1. HP: 19/19 MP: 1/1
   407 | D:1      | Reached XP level 2. HP: 26/26 MP: 2/2
   548 | D:1      | Reached skill level 3 in Long Blades
  1329 | D:2      | Reached XP level 3. HP: 28/31 MP: 3/3
  1595 | D:2      | Reached skill level 4 in Long Blades
  1676 | D:2      | Found a glowing golden altar of the Shining One.
  1677 | D:2      | Found a basalt altar of Yredelemnul.
  1677 | D:2      | Found a shimmering altar of Xom.
  1678 | D:2      | Found a hazy altar of Hepliaklqana.
  1694 | D:2      | Became a worshipper of Hepliaklqana the Forgotten
  2101 | D:3      | Reached XP level 4. HP: 22/34 MP: 4/4
  2369 | D:3      | Found a radiant altar of Vehumet.
  2399 | D:3      | Found a bloodstained altar of Trog.
  2562 | D:3      | Reached XP level 5. HP: 9/40 MP: 5/5
  3055 | D:3      | Reached * piety under Hepliaklqana
  3411 | D:3      | Found a runed door.
  3411 | D:3      | Noticed Scuka's ghost (amateur DDFi)
  3458 | D:3      | Reached skill level 5 in Long Blades
  3865 | D:3      | Noticed Terence
  3871 | D:3      | Killed Terence
  4076 | D:4      | Reached XP level 6. HP: 41/46 MP: 6/6
  4093 | D:4      | Reached skill level 1 in Evocations
  4414 | D:4      | Noticed Grinder
  4423 | D:4      | Paralysed by Grinder for 4 turns
  4434 | D:4      | Killed Grinder
  4434 | D:4      | Reached skill level 6 in Long Blades
  4434 | D:4      | Your scales start taking on a dull iron-grey colour.
  4434 | D:4      | Reached XP level 7. HP: 39/54 MP: 8/8
  4434 | D:4      | Gained mutation: You can survive without breathing. [Grey Draconian growth]
  4535 | D:4      | Found a shadowy altar of Dithmenos.
  4761 | D:4      | Found a staircase to the Ecumenical Temple.
  4945 | D:4      | Noticed Ijyb
  4955 | D:4      | Killed Ijyb
  5322 | D:5      | Entered Level 5 of the Dungeon
  5337 | D:5      | Found a white marble altar of Elyvilon.
  5351 | D:5      | Reached ** piety under Hepliaklqana
  5352 | D:5      | Remembered your ancestor MsWizard as a battlemage
  5483 | D:5      | Found an ancient bone altar of Kikubaaqudgha.
  5525 | D:5      | Reached skill level 5 in Fighting
  5779 | D:5      | Reached XP level 8. HP: 61/61 MP: 10/10
  6009 | D:6      | Reached skill level 7 in Long Blades
  6274 | D:6      | Reached skill level 5 in Shields
  6357 | D:6      | Reached *** piety under Hepliaklqana
  6539 | D:6      | Found a sparkling altar of Nemelex Xobeh.
  6867 | D:6      | Paralysed by an orc priest for 3 turns
  7171 | D:7      | Noticed a hippogriff
  7180 | D:7      | Killed a hippogriff
  7180 | D:7      | Reached skill level 5 in Dodging
  7180 | D:7      | Reached XP level 9. HP: 49/67 MP: 10/12
  7287 | D:7      | Reached skill level 8 in Long Blades
  8415 | D:8      | Found Holl's Distillery.
  8421 | D:8      | Bought a potion of lignification for 39 gold pieces
  8421 | D:8      | Bought a potion of agility for 52 gold pieces
  8421 | D:8      | Bought a potion of haste for 130 gold pieces
  8421 | D:8      | Bought a potion of flight for 39 gold pieces
  8421 | D:8      | Bought a potion of heal wounds for 65 gold pieces
  8574 | D:8      | Noticed Pikel
  8603 | D:8      | Killed Pikel
  8758 | D:8      | Found a blossoming altar of Fedhas.
  8822 | D:8      | Reached skill level 9 in Long Blades
  8843 | D:8      | Reached skill level 5 in Evocations
  8864 | D:8      | Noticed a skeletal warrior
  9161 | D:8      | Noticed Erica
  9173 | D:8      | Killed Erica
  9173 | D:8      | Reached XP level 10. HP: 69/77 MP: 13/13
  9215 | D:8      | Noticed a centaur warrior
  9538 | D:8      | Noticed a two-headed ogre
  9545 | D:8      | Killed a two-headed ogre
  9611 | D:8      | Reached **** piety under Hepliaklqana
  9649 | D:8      | Killed a centaur warrior
  9649 | D:8      | Reached skill level 10 in Long Blades
  9804 | D:8      | Found Ete Ruwn's Distillery.
 10144 | D:8      | Found Loxkay's Distillery.
 10149 | D:8      | Found a glowing silver altar of Zin.
 10187 | D:8      | Killed a skeletal warrior
 10187 | D:8      | Reached skill level 1 in Invocations
 10547 | D:9      | Upgraded the game from 0.22-a0-533-g4d20840 to 0.22-a0-538-g76cc104
 10643 | D:9      | Learned a level 1 spell: Animate Skeleton
 10647 | D:9      | Learned a level 3 spell: Regeneration
 10649 | D:9      | Noticed Grum
 10667 | D:9      | Killed Grum
 10881 | D:9      | Found a sacrificial altar of Ru.
 10897 | D:9      | Reached XP level 11. HP: 84/84 MP: 14/14
 10909 | D:9      | Noticed Erolcha
 11172 | D:10     | Entered Level 10 of the Dungeon
 11185 | D:10     | Reached skill level 1 in Necromancy
 11198 | D:10     | Learned a level 6 spell: Statue Form
 11320 | D:10     | Reached skill level 1 in Spellcasting
 11650 | D:10     | Reached skill level 11 in Long Blades
 11665 | D:9      | Killed from afar by Erolcha

Vault maps used:
D:1:      lemuel_arrival_hallway
D:2:      chequers_temple_overflow_statue_of_worship
D:3:      vehumet_crystals, gammafunk_ghost_grave, trog_butcher_becter,
          uniq_terence
D:4:      nicolae_dithmenos_the_darkroom, minmay_temple_entry_nine_rooms,
          first_ration, st_stairs_13, minmay_misc_feat_ornament, uniq_ijyb,
          uniq_grinder
D:5:      elyvilon_altar_3, kennysheep_little_box, serial_bayou,
          serial_bayou_pond_e, serial_bayou_crossing, serial_bayou_lagoon_a,
          serial_bayou_shore_b, serial_bayou_pond_c
D:6:      lemuel_doored_altar
D:7:      grunt_ogre_cave
D:8:      minmay_the_grid_four_pointed_star, nicolae_overflow_hidden_temple,
          zin_scriptorium, serial_shops, shop_coins, shop, shop, uniq_erica,
          uniq_pikel
D:9:      lemuel_crystal_altar, nicolae_overflow_crystal_walls, uniq_grum,
          uniq_erolcha
D:10:     lair_entry_dummy, serial_shops, shop, uniq_nergalle

Skill      XL: |  1  2  3  4  5  6  7  8  9 10 11 |
---------------+----------------------------------+-----
Long Blades    | 3 4 5 6 7 9 10 11 | 11.0
Dodging        | 3 4 5 6 7 |  7.2
Fighting       | 4 5 6 7 8 |  8.5
Evocations     | 2 4 5 |  5.0
Shields        | 4 5 6 7 |  7.7
Invocations    | 2 |  2.9
Necromancy     | 1 |  1.9
Spellcasting   | 1 |  1.5

Action                   |  1- 3 |  4- 6 |  7- 9 | 10-12 || total
-------------------------+-------+-------+-------+-------++-------
Melee: Long sword        |   110 |   150 |   335 |    32 ||   627
       Tailslap          |    14 |    21 |    64 |    30 ||   129
       Unarmed           |       |       |     3 |       ||     3
       Scimitar          |       |       |       |   176 ||   176
Invok: Recall Ancestor   |       |       |     1 |       ||     1
       Ancestor Life: Ba |       |       |     1 |       ||     1
       Ancestor Identity |       |       |     1 |       ||     1
Evoke: Wand              |       |       |       |     6 ||     6
  Use: Potion            |       |     2 |       |     1 ||     3
       Scroll            |       |       |     6 |     2 ||     8
 Stab: Sleeping          |     2 |     1 |     4 |       ||     7
       Distracted        |       |     1 |     3 |     2 ||     6
  Eat: Chunk             |     4 |     7 |     8 |     9 ||    28
       Ration            |       |       |     2 |       ||     2
Armor: Skin              |    35 |    42 |    86 |    43 ||   206
Dodge: Dodged            |    54 |    66 |   139 |   100 ||   359
Block: Shield            |    51 |    71 |   129 |   128 ||   379
       Rpst.: Long sword |    20 |    17 |    41 |     3 ||    81
       Scimitar          |       |       |       |    23 ||    23

Table legend:
 A = Spawn XP
 B = Non-spawn XP
 C = Spawn XP percentage of total XP
 D = Spawn monster count
 E = Non-spawn monster count
 F = Spawn count percentage of total count
 G = Total turns spent on level
                    A         B        C        D         E        F      G
               +---------+---------+-------+---------+---------+-------+---------
         Total |       0 |   13957 |   0.0 |       0 |     271 |   0.0 | 11665
               +---------+---------+-------+---------+---------+-------+---------
           D:1 |       0 |      25 |   0.0 |       0 |      13 |   0.0 |  1085
           D:2 |       0 |      62 |   0.0 |       0 |      25 |   0.0 |   988
           D:3 |       0 |     264 |   0.0 |       0 |      41 |   0.0 |  1978
           D:4 |       0 |     918 |   0.0 |       0 |      25 |   0.0 |  1299
           D:5 |       0 |     226 |   0.0 |       0 |      11 |   0.0 |   592
           D:6 |       0 |    1051 |   0.0 |       0 |      29 |   0.0 |  1062
           D:7 |       0 |    1053 |   0.0 |       0 |      29 |   0.0 |  1596
           D:8 |       0 |    6152 |   0.0 |       0 |      38 |   0.0 |  2007
           D:9 |       0 |    1260 |   0.0 |       0 |      22 |   0.0 |   572
          D:10 |       0 |    2946 |   0.0 |       0 |      38 |   0.0 |   486
               +---------+---------+-------+---------+---------+-------+---------

Vault maps used:
D:1:      lemuel_arrival_hallway
D:2:      chequers_temple_overflow_statue_of_worship
D:3:      vehumet_crystals, gammafunk_ghost_grave, trog_butcher_becter,
          uniq_terence
D:4:      nicolae_dithmenos_the_darkroom, minmay_temple_entry_nine_rooms,
          first_ration, st_stairs_13, minmay_misc_feat_ornament, uniq_ijyb,
          uniq_grinder
D:5:      elyvilon_altar_3, kennysheep_little_box, serial_bayou,
          serial_bayou_pond_e, serial_bayou_crossing, serial_bayou_lagoon_a,
          serial_bayou_shore_b, serial_bayou_pond_c
D:6:      lemuel_doored_altar
D:7:      grunt_ogre_cave
D:8:      minmay_the_grid_four_pointed_star, nicolae_overflow_hidden_temple,
          zin_scriptorium, serial_shops, shop_coins, shop, shop, uniq_erica,
          uniq_pikel
D:9:      lemuel_crystal_altar, nicolae_overflow_crystal_walls, uniq_grum,
          uniq_erolcha
D:10:     lair_entry_dummy, serial_shops, shop, uniq_nergalle
